ITL
DETROIT X-WINGS @ HAVANA ROLLERS
05/15/2028
 
TOP OF THE 1ST
Detroit X-Wings batting - Pitching for Havana Rollers : LHP Dennis Taylor
Pitching: LHP Dennis Taylor
Batting: RHB Júlio López 0-0: Ball
1-0: Bunt missed!
1-1: Foul Ball, location: 2F
1-2: Ball
2-2: Foul Ball, location: 2F
2-2: Ball
3-2: Base on Balls
Batting: RHB John Moore 0-0: Ball
1-0: Called Strike
1-1: Fly out, F8 (Line Drive, 8LM)
Now in CF: Enrique Cortéz
Batting: LHB Juan Colón 0-0: Ball
1-0: Called Strike
1-1: Ball
2-1: Foul Ball, location: 2F
2-2: Fly out, F8 (Line Drive, 8RM)
Batting: LHB Juan Jose Pineda 0-0: Ball
1-0: Ball
2-0: Called Strike
2-1: Called Strike
2-2: Strikes out swinging
Top of the 1st over - 0 run(s), 0 hit(s), 0 error(s), 1 left on base; Detroit 0 - Havana 0
BOTTOM OF THE 1ST
Havana Rollers batting - Pitching for Detroit X-Wings : RHP Júlio Ruíz
Pitching: RHP Júlio Ruíz
Batting: LHB Enrique Cortéz 0-0: Called Strike
0-1: Called Strike
0-2: Ball
1-2: SOLO HOME RUN (Flyball, 9D), Distance : 381 ft
Batting: RHB Francisco Rincón 0-0: Called Strike
0-1: Ball
1-1: Foul Ball, location: 2F
1-2: DOUBLE (Line Drive, 89M)
Batting: RHB Paul Bailey 0-0: Called Strike
0-1: Ball
1-1: Foul Ball, location: 2F
1-2: Strikes out looking
Batting: SHB Pepe Piña 0-0: Ball
1-0: SINGLE (Line Drive, 78S)
Francisco Rincón to third
Runner from 3rd tries for Home, SAFE, no throw
Batting: LHB Zhi-huan Loong 0-0: Swinging Strike
0-1: Called Strike
0-2: Ball
1-2: Grounds into double play, 4-6-3 (Groundball, 4M)
Bottom of the 1st over - 2 run(s), 3 hit(s), 0 error(s), 0 left on base; Detroit 0 - Havana 2
TOP OF THE 2ND
Detroit X-Wings batting - Pitching for Havana Rollers : LHP Dennis Taylor
Batting: SHB Felipe Detorres 0-0: SINGLE (Groundball, 34D)
Batting: SHB Javier Jiménez 0-0: Called Strike
0-1: Called Strike
0-2: Foul Ball, location: 2F
0-2: Grounds into double play, 5-4-3 (Groundball, 5L)
Batting: RHB Jaime Contreras 0-0: Foul Ball, location: 2F
0-1: Swinging Strike
0-2: Foul Ball, location: 2F
0-2: Ball
1-2: Strikes out looking
Top of the 2nd over - 0 run(s), 1 hit(s), 0 error(s), 0 left on base; Detroit 0 - Havana 2
BOTTOM OF THE 2ND
Havana Rollers batting - Pitching for Detroit X-Wings : RHP Júlio Ruíz
Batting: SHB Yasuhiro Ikarashi 0-0: Foul Ball, location: 2F
0-1: Ball
1-1: Ball
2-1: Ball
3-1: Foul Ball, location: 2F
3-2: Foul Ball, location: 2F
3-2: Foul Ball, location: 2F
3-2: Foul Ball, location: 2F
3-2: Base on Balls
Batting: RHB Chad Case 0-0: Ball
1-0: SINGLE (Groundball, 34D)
Yasuhiro Ikarashi to second
Throwing error, E9
Yasuhiro Ikarashi scores
Chad Case to second
Batting: RHB León Rivera 0-0: Ball
1-0: Fly out, F8 (Line Drive, 8LD)
Runner from 2nd tags up, SAFE at 3rd, no throw
Batting: RHB Soshu Nakamura 0-0: Foul Ball, location: 2F
0-1: Swinging Strike
0-2: Ball
1-2: Foul Ball, location: 2F
1-2: Ball
2-2: Fly out, F7 (Line Drive, 7S)
Runner from 3rd tags up, SCORES, no throw
Batting: LHB Enrique Cortéz 0-0: Ball
1-0: Ball
2-0: Called Strike
2-1: Ball
3-1: Base on Balls
Batting: RHB Francisco Rincón 0-0: Fielders Choice at 2nd, 5-4 (Groundball, 5)
Bottom of the 2nd over - 2 run(s), 1 hit(s), 1 error(s), 0 left on base; Detroit 0 - Havana 4
TOP OF THE 3RD
Detroit X-Wings batting - Pitching for Havana Rollers : LHP Dennis Taylor
Batting: LHB Paul Alston 0-0: Ball
1-0: Ball
2-0: Called Strike
2-1: Ball
3-1: Called Strike
3-2: SINGLE (Groundball, 34D)
Batting: RHB Oliver Acevedo 0-0: SINGLE (Line Drive, 34)
Paul Alston to second
Runner from 2nd tries for 3rd, SAFE, throw made to third
Batting: RHB Júlio López 0-0: TRIPLE (Flyball, 9LM)
Paul Alston scores
Oliver Acevedo scores
Batting: RHB John Moore 0-0: Foul Ball, location: 2F
0-1: Foul Ball, location: 2F
0-2: Strikes out swinging
Batting: LHB Juan Colón 0-0: Ground out 5-3 (Groundball, 56)
Júlio López scores
Batting: LHB Juan Jose Pineda 0-0: Foul Ball, location: 2F
0-1: Ground out 4-3 (Groundball, 4)
Top of the 3rd over - 3 run(s), 3 hit(s), 0 error(s), 0 left on base; Detroit 3 - Havana 4
BOTTOM OF THE 3RD
Havana Rollers batting - Pitching for Detroit X-Wings : RHP Júlio Ruíz
Batting: RHB Paul Bailey 0-0: Ball
1-0: Ball
2-0: SINGLE (Groundball, 6D)
Batting: SHB Pepe Piña 0-0: Called Strike
0-1: Ball
1-1: Swinging Strike
1-2: Ball
2-2: Foul Ball, location: 2F
2-2: Ball
3-2: Fly out, F7 (Line Drive, 78M)
Batting: LHB Zhi-huan Loong 0-0: Called Strike
0-1: Foul Ball, location: 2F
0-2: Ball
1-2: Fly out, F8 (Flyball, 8LD)
Batting: SHB Yasuhiro Ikarashi 0-0: Ball
1-0: Ball
2-0: Ball
3-0: Called Strike
3-1: 2-RUN HOME RUN (Flyball, 9LD), Distance : 340 ft
Batting: RHB Chad Case 0-0: DOUBLE (Line Drive, 7D)
Batting: RHB León Rivera 0-0: Ball
1-0: Foul Ball, location: 2F
1-1: Called Strike
1-2: SINGLE (Groundball, 6D)
Chad Case to third
Runner from 3rd tries for Home, SAFE, no throw
Pitching: LHP Javier Duarte
Batting: RHB Soshu Nakamura 0-0: Called Strike
0-1: Called Strike
0-2: Ball
1-2: Strikes out swinging
Bottom of the 3rd over - 3 run(s), 4 hit(s), 0 error(s), 1 left on base; Detroit 3 - Havana 7
TOP OF THE 4TH
Detroit X-Wings batting - Pitching for Havana Rollers : LHP Dennis Taylor
Batting: SHB Felipe Detorres 0-0: Ground out 5-3 (Groundball, 56S)
Batting: SHB Javier Jiménez 0-0: Ball
1-0: Fly out, F7 (Flyball, 7LD)
Batting: RHB Jaime Contreras 0-0: Called Strike
0-1: Foul Ball, location: 2F
0-2: Ball
1-2: Ball
2-2: Ball
3-2: Fly out, F8 (Flyball, 8RM)
Top of the 4th over - 0 run(s), 0 hit(s), 0 error(s), 0 left on base; Detroit 3 - Havana 7
BOTTOM OF THE 4TH
Havana Rollers batting - Pitching for Detroit X-Wings : LHP Javier Duarte
Batting: LHB Enrique Cortéz 0-0: Ball
1-0: Fly out, F8 (Flyball, 89D)
Batting: RHB Francisco Rincón 0-0: Foul Ball, location: 2F
0-1: Ball
1-1: Swinging Strike
1-2: Strikes out swinging
Batting: RHB Paul Bailey 0-0: Swinging Strike
0-1: Foul Ball, location: 2F
0-2: SINGLE (Line Drive, 78S)
Batting: SHB Pepe Piña 0-0: Ball
1-0: Foul Ball, location: 2F
1-1: Fly out, F5 (Line Drive, 5)
Bottom of the 4th over - 0 run(s), 1 hit(s), 0 error(s), 1 left on base; Detroit 3 - Havana 7
TOP OF THE 5TH
Detroit X-Wings batting - Pitching for Havana Rollers : LHP Dennis Taylor
Batting: LHB Paul Alston 0-0: Ball
1-0: Called Strike
1-1: Called Strike
1-2: Strikes out swinging
Batting: RHB Oliver Acevedo 0-0: Ball
1-0: Swinging Strike
1-1: Ball
2-1: Ball
3-1: SINGLE (Groundball, 15S) (infield hit)
Batting: RHB Júlio López 0-0: Foul Ball, location: 2F
0-1: Ball
1-1: Ball
2-1: Foul Ball, location: 2F
2-2: Strikes out looking
Batting: RHB John Moore 0-0: Ball
1-0: SINGLE (Line Drive, 56D)
Oliver Acevedo to second
Batting: LHB Juan Colón 0-0: Fielders Choice at 2nd, 4-6 (Groundball, 4)
Top of the 5th over - 0 run(s), 2 hit(s), 0 error(s), 1 left on base; Detroit 3 - Havana 7
BOTTOM OF THE 5TH
Havana Rollers batting - Pitching for Detroit X-Wings : LHP Javier Duarte
Batting: LHB Zhi-huan Loong 0-0: Ball
1-0: SINGLE (Line Drive, 34)
Batting: SHB Yasuhiro Ikarashi 0-0: Foul Ball, location: 2F
0-1: Ball
1-1: Swinging Strike
1-2: Ball
2-2: Foul Ball, location: 2F
2-2: Fielders Choice at 2nd, 4-6 (Groundball, 34)
Batting: RHB Chad Case 0-0: Ball
1-0: Swinging Strike
1-1: DOUBLE (Line Drive, 7LD)
Yasuhiro Ikarashi to third
Runner from 3rd tries for Home, SAFE, no throw
Batting: RHB León Rivera 0-0: Ball
1-0: Swinging Strike
1-1: Called Strike
1-2: Ball
2-2: Foul Ball, location: 2F
2-2: Foul Ball, location: 2F
2-2: SINGLE (Groundball, 4MD)
Chad Case to third
Runner from 3rd tries for Home, SAFE, throw made home
León Rivera to second
Batting: RHB Soshu Nakamura 0-0: 2-RUN HOME RUN (Line Drive, 7LD), Distance : 354 ft
Pitching: RHP Felipe Téllez
Batting: LHB Enrique Cortéz 0-0: Swinging Strike
0-1: Ball
1-1: Called Strike
1-2: Strikes out swinging
Batting: RHB Francisco Rincón 0-0: SINGLE (Groundball, 5D)
Batting: RHB Paul Bailey 0-0: Ball
1-0: Called Strike
1-1: Ball
2-1: Ball
Francisco Rincón steals 2nd base
3-1: Ground out 3-1 (Groundball, 34)
Bottom of the 5th over - 4 run(s), 5 hit(s), 0 error(s), 1 left on base; Detroit 3 - Havana 11
TOP OF THE 6TH
Detroit X-Wings batting - Pitching for Havana Rollers : LHP Dennis Taylor
Batting: LHB Juan Jose Pineda 0-0: Ball
1-0: Called Strike
1-1: Ball
2-1: Ball
3-1: Base on Balls
Batting: SHB Felipe Detorres 0-0: Called Strike
0-1: SINGLE (Groundball, 34D)
Juan Jose Pineda to second
Runner from 2nd tries for 3rd, SAFE, throw made to third
Felipe Detorres to second
Batting: SHB Javier Jiménez 0-0: Ball
1-0: Called Strike
1-1: Ball
2-1: Swinging Strike
2-2: Ball
3-2: Ground out 6-3 (Groundball, 6)
Juan Jose Pineda scores
Pitching: RHP José Ramírez
Batting: RHB Jaime Contreras 0-0: Ball
1-0: Foul Ball, location: 2F
1-1: Swinging Strike
1-2: Ball
2-2: Strikes out swinging
Batting: LHB Paul Alston 0-0: Called Strike
0-1: Swinging Strike
0-2: Ball
1-2: Strikes out swinging
Top of the 6th over - 1 run(s), 1 hit(s), 0 error(s), 1 left on base; Detroit 4 - Havana 11
BOTTOM OF THE 6TH
Havana Rollers batting - Pitching for Detroit X-Wings : RHP Felipe Téllez
Batting: SHB Pepe Piña 0-0: Ball
1-0: Called Strike
1-1: SINGLE (Line Drive, 56D)
Batting: LHB Zhi-huan Loong 0-0: Swinging Strike
0-1: Ball
1-1: Swinging Strike
1-2: Foul Ball, location: 2F
1-2: Strikes out swinging
Batting: SHB Yasuhiro Ikarashi 0-0: Called Strike
0-1: Fly out, F4 (Popup, 4)
Batting: RHB Chad Case 0-0: Called Strike
0-1: Fielders Choice at 2nd, 5-4 (Groundball, 5L)
Bottom of the 6th over - 0 run(s), 1 hit(s), 0 error(s), 0 left on base; Detroit 4 - Havana 11
TOP OF THE 7TH
Detroit X-Wings batting - Pitching for Havana Rollers : RHP José Ramírez
Batting: RHB Oliver Acevedo 0-0: Fly out, F7 (Flyball, 7)
Batting: RHB Júlio López 0-0: Foul Ball, location: 2F
0-1: Ball
1-1: Foul Ball, location: 2F
1-2: Strikes out swinging, 2-3 out at first.
Batting: RHB John Moore 0-0: Ball
1-0: Ground out 5-3 (Groundball, 56)
Top of the 7th over - 0 run(s), 0 hit(s), 0 error(s), 0 left on base; Detroit 4 - Havana 11
BOTTOM OF THE 7TH
Havana Rollers batting - Pitching for Detroit X-Wings : RHP Felipe Téllez
Batting: RHB León Rivera 0-0: Swinging Strike
0-1: Called Strike
0-2: Strikes out swinging
Batting: RHB Soshu Nakamura 0-0: Ball
1-0: Swinging Strike
1-1: Swinging Strike
1-2: Strikes out swinging
Batting: LHB Enrique Cortéz 0-0: Ball
1-0: Ball
2-0: Called Strike
2-1: Ball
3-1: Base on Balls
Batting: RHB Francisco Rincón 0-0: Swinging Strike
0-1: Ball
1-1: Ball
2-1: Ball
3-1: Base on Balls
Enrique Cortéz to second
Batting: RHB Paul Bailey 0-0: Ball
1-0: Ball
2-0: Swinging Strike
2-1: Foul Ball, location: 2F
2-2: SINGLE (Groundball, 6MD)
Enrique Cortéz to third
Francisco Rincón to second
Runner from 3rd tries for Home, SAFE, no throw
Batting: SHB Pepe Piña 0-0: Ball
1-0: Fly out, F8 (Flyball, 8LM)
Bottom of the 7th over - 1 run(s), 1 hit(s), 0 error(s), 2 left on base; Detroit 4 - Havana 12
TOP OF THE 8TH
Detroit X-Wings batting - Pitching for Havana Rollers : RHP José Ramírez
Batting: LHB Juan Colón 0-0: Ball
1-0: Called Strike
1-1: Ball
2-1: SINGLE (Groundball, 4D)
Batting: LHB Juan Jose Pineda 0-0: Ball
1-0: Ball
2-0: Ball
3-0: Called Strike
3-1: Swinging Strike
3-2: Grounds into double play, 1-6-3 (Groundball, 13S)
Batting: SHB Felipe Detorres 0-0: Foul Ball, location: 2F
0-1: Ball
1-1: Ball
2-1: Called Strike
2-2: Foul Ball, location: 2F
2-2: Foul Ball, location: 2F
2-2: SINGLE (Flyball, 4D)
Batting: SHB Javier Jiménez 0-0: Ball
1-0: Called Strike
1-1: Foul Ball, location: 2F
1-2: Ball
2-2: Strikes out swinging
Top of the 8th over - 0 run(s), 2 hit(s), 0 error(s), 1 left on base; Detroit 4 - Havana 12
BOTTOM OF THE 8TH
Havana Rollers batting - Pitching for Detroit X-Wings : RHP Felipe Téllez
Pitching: RHP Pat Monroe
Batting: LHB Zhi-huan Loong 0-0: Called Strike
0-1: Ball
1-1: Swinging Strike
1-2: Strikes out swinging
Batting: SHB Yasuhiro Ikarashi 0-0: Swinging Strike
0-1: Fly out, F7 (Line Drive, 78D)
Batting: RHB Chad Case 0-0: SOLO HOME RUN (Flyball, 7D), Distance : 380 ft
Batting: RHB León Rivera 0-0: Ball
1-0: Called Strike
1-1: Foul Ball, location: 2F
1-2: Ground out 5-3 (Groundball, 56)
Bottom of the 8th over - 1 run(s), 1 hit(s), 0 error(s), 0 left on base; Detroit 4 - Havana 13
TOP OF THE 9TH
Detroit X-Wings batting - Pitching for Havana Rollers : RHP José Ramírez
Batting: RHB Jaime Contreras 0-0: Ball
1-0: Called Strike
1-1: Ball
2-1: Fly out, F8 (Flyball, 8LS)
Batting: LHB Paul Alston 0-0: Swinging Strike
0-1: Ball
1-1: Ball
2-1: Swinging Strike
2-2: Foul Ball, location: 2F
2-2: Foul Ball, location: 2F
2-2: Strikes out swinging
Batting: RHB Oliver Acevedo 0-0: Ball
1-0: Ground out 6-3 (Groundball, 6)
Top of the 9th over - 0 run(s), 0 hit(s), 0 error(s), 0 left on base; Detroit 4 - Havana 13
Tuesday, August 8th, 2017 - OOTP Baseball 17.12 Build 75